 Dungeon Crawl Stone Soup version 0.32-a0-876-gcfddb08e57 (webtiles) character file.

Game seed: 3876925784968143877

1514 dialectric the Changeling (level 8, 0/70 HPs)
             Began as a Troll Shapeshifter on Apr 1, 2024.
             Slain by a gnoll
             ... wielding a +0 spear
             ... led by a gnoll sergeant
              (4 damage)
             ... on level 6 of the Dungeon.
             The game lasted 00:05:24 (4260 turns).

dialectric the Changeling (Troll Shapeshifter)      Turns: 4260, Time: 00:05:25

Health: 0/70       AC:  4    Str: 23    XL:     8   Next: 53%
Magic:  16/18      EV: 10    Int:  6    God:
Gold:   208        SH:  5    Dex: 16    Spells: 9/9 levels left

rFire   . . .        C - +4 broad axe of Sloth {elec, ^Fragile Will+ Dex+5}
rCold   . . .        (no shield)
rNeg    . . .        a - +0 animal skin
rPois   .            (helmet currently unavailable)
rElec   .            (cloak currently unavailable)
rCorr   .            (gloves unavailable)
SInv    .            (boots unavailable)
Will    ++...        w - amulet of reflection
Stlth   +            l - ring of willpower
HPRegen 1.11/turn    y - ring of magical power
MPRegen 0.16/turn

%: reflection
@: mighty, lethally poisoned (0 -> -1), beast-form
A: beast (slay +3), large, unfitting armour, claws 3, regeneration 1, shaggy fur
1, tough skin 1
a: Begin Untransformation


You were on level 6 of the Dungeon.
You were a hulking beast.
You visited 1 branch of the dungeon, and saw 6 of its levels.

You collected 208 gold pieces.

Inventory:

Hand Weapons
 m - a +0 morningstar
 n - a +1 flail of venom
 C - the +4 broad axe of Sloth (weapon) {elec, ^Fragile Will+ Dex+5}
   (You found it on level 5 of the Dungeon)

   Dex+5:     It affects your dexterity (+5).
   Will+:     It increases your willpower.
   ^Fragile:  It will be destroyed if unequipped.
Missiles
 i - 3 large rocks (quivered)
 D - a throwing net
Armour
 a - a +0 animal skin (worn)
 u - a +0 cloak
Jewellery
 l - a ring of willpower (left claw)
 v - a ring of fire
 w - an amulet of reflection (around neck)
 x - a +6 ring of intelligence
 y - a ring of magical power (right claw)
Talismans
 c - a beast talisman (active)
 d - a flux talisman
Wands
 b - a wand of polymorph (12)
 t - a wand of roots (10)
Scrolls
 g - a scroll of identify {unknown}
 h - 3 scrolls of teleportation
 k - a scroll of blinking {unknown}
 o - a scroll of fear {unknown}
 q - a scroll of noise
 z - a scroll of amnesia {unknown}
 A - a scroll of fog {unknown}
 B - a scroll of vulnerability {unknown}
 F - a scroll of enchant armour {unknown}
Potions
 e - a potion of enlightenment {unknown}
 f - a potion of mutation {unknown}
 p - a potion of might
 r - a potion of resistance {unknown}
 s - a potion of degeneration {unknown}
 E - a potion of attraction {unknown}


   Skills:
 - Level 1.2 Fighting
 + Level 2.3(2.8) Axes
 - Level 2.4(3.0) Maces & Flails
 + Level 3.7 Armour
 + Level 4.5 Dodging
 - Level 3.2 Unarmed Combat
 + Level 1.4 Spellcasting
 * Level 6.1 Shapeshifting


You had 9 spell levels left.
You didn't know any spells.
Your spell library contained the following spells:

 Spells                   Type           Power      Damage    Failure   Level
 Cigotuvi's Dreadful Rot  Necr/Alch/Air  0%         N/A       54%         2
 Jinxbite                 Hex            0%         N/A       54%         2
 Ignite Poison            Fire/Alch      0%         N/A       99%         4
 Freezing Cloud           Conj/Ice/Air   0%         6-21      100%        5
 Yara's Violent Unravell  Hex/Alch       0%         3d3       100%        5
 Enfeeble                 Hex            0%         N/A       100%        7


Dungeon Overview and Level Annotations

Branches:
Dungeon (6/15)
 Temple: D:4-7

Altars:
Elyvilon
Fedhas
Gozag
Nemelex Xobeh
Okawaru
Qazlal
Vehumet
Zin

Shops:
D:4 :(=


Innate Abilities, Weirdness & Mutations

You are a hulking beast.
Your limbs bulge with bestial killing power. (Slay +3)
You are too large for most types of armour.
You have claws for hands.
Your natural rate of healing is unusually fast.
You are covered in fur. (AC +1)
You have tough skin. (AC +1)


Message History

You closely miss the scorpion.
The scorpion is almost dead.
The scorpion completely misses you.
The gnoll hits you from afar with a +0 spear.
* * * LOW HITPOINT WARNING * * *
You block the gnoll sergeant's attack. The scorpion stings you.
* * * LOW HITPOINT WARNING * * *
You are poisoned.
The scorpion poisons you!
Unknown command.
You closely miss the scorpion.
The scorpion is almost dead.
You feel very sick. The scorpion closely misses you.
The gnoll hits you from afar with a +0 spear.
* * * LOW HITPOINT WARNING * * *
The gnoll sergeant misses you. The scorpion closely misses you.
The gnoll hits you from afar with a +0 spear.
* * * LOW HITPOINT WARNING * * *
You block the gnoll sergeant's attack.
Unknown command.
You feel better. The scorpion closely misses you. The gnoll barely misses you.
The gnoll sergeant completely misses you.
Unknown command.
Unknown command.
You barely miss the scorpion.
The scorpion is almost dead.
The scorpion closely misses you. The gnoll barely misses you.
The gnoll sergeant hits you from afar with a +2 spear of venom.
* * * LOW HITPOINT WARNING * * *
You are poisoned.
The scorpion barely misses you.
You slash the scorpion!
You kill the scorpion!
You feel very sick. The gnoll closely misses you.
The gnoll sergeant hits you from afar with a +2 spear of venom!
* * * LOW HITPOINT WARNING * * *
The gnoll hits you from afar with a +0 spear.
You die...

..... .#. ..#.
.. . ...# #.#
..# ... ..##.#
.g#..... gg...#
#))#.#
##h)..###.
#...).....
#....#.#..
#....+ ..
#######....# #
#......####....
#......# .....
#......# .....
######+##......#
....


You could see a gnoll sergeant and 2 gnolls.

Vanquished Creatures
  2 black bears (D:5)
  3 ice beasts
  A phantom (D:5)
  5 scorpions
  3 howler monkeys
  2 bombardier beetles
  5 hounds
  An orc priest (D:5)
  2 gnoll boudas (D:5)
  An iguana (D:5)
  Robin (D:2)
  12 gnolls
  6 adders
  A shadow imp (D:6)
  An ufetubus (D:6)
  4 ribbon worms
  15 orcs
  4 endoplasms
  3 giant cockroaches
  17 goblins
  10 hobgoblins
  3 quokkas
  7 ball pythons
  A bat (D:2)
  4 frilled lizards
  6 kobolds
  4 rats
124 creatures vanquished.

Notes
Turn   | Place    | Note
-------+----------+-------------------------------------------
     0 | D:1      | dialectric the Troll Shapeshifter began the quest for the
                  | Orb.
     0 | D:1      | Reached XP level 1. HP: 18/18 MP: 0/0
     6 | D:1      | Noticed a wyvern
     6 | D:1      | Noticed a brain worm
     6 | D:1      | Noticed a killer bee
     7 | D:1      | Noticed a komodo dragon
     7 | D:1      | Noticed a hound
    49 | D:1      | Reached skill level 1 in Fighting
   127 | D:1      | Reached XP level 2. HP: 27/27 MP: 1/1
   736 | D:2      | Reached XP level 3. HP: 33/33 MP: 2/2
   801 | D:2      | Found an iron altar of Okawaru.
   802 | D:2      | Noticed Robin
   881 | D:2      | Killed Robin
   982 | D:2      | Reached XP level 4. HP: 41/41 MP: 3/3
  1023 | D:2      | Reached skill level 1 in Armour
  1651 | D:3      | Found an iron altar of Okawaru.
  1758 | D:3      | Reached skill level 1 in Maces & Flails
  1758 | D:3      | Reached XP level 5. HP: 48/48 MP: 4/4
  2330 | D:4      | Reached skill level 4 in Shapeshifting
  2420 | D:4      | Reached XP level 6. HP: 55/55 MP: 5/5
  2424 | D:4      | Found a white marble altar of Elyvilon.
  2426 | D:4      | Found an opulent altar of Gozag.
  2430 | D:4      | Found a glowing silver altar of Zin.
  2430 | D:4      | Found a stormy altar of Qazlal.
  2432 | D:4      | Found a radiant altar of Vehumet.
  2433 | D:4      | Found a sparkling altar of Nemelex Xobeh.
  2466 | D:4      | Found Qogguen's Jewellery Shoppe.
  2474 | D:4      | Found Foagaf's Antique Weapon Shop.
  2604 | D:4      | Found a blossoming altar of Fedhas.
  2644 | D:4      | Found Zovedyeq's Book Shop.
  2816 | D:5      | Entered Level 5 of the Dungeon
  2995 | D:5      | Reached XP level 7. HP: 56/62 MP: 6/6
  2997 | D:5      | Identified the +4 broad axe of Sloth {elec, ^Fragile Will+
                  | Dex+5}
  3190 | D:5      | Reached skill level 1 in Axes
  3286 | D:5      | Reached skill level 5 in Shapeshifting
  3434 | D:5      | Reached XP level 8. HP: 61/70 MP: 6/8
  4126 | D:6      | Reached skill level 1 in Spellcasting
  4244 | D:6      | Reached skill level 6 in Shapeshifting
  4260 | D:6      | Slain by a gnoll

Illustrated notes

Levels and vault maps discovered:
D:1:      onia_arrival_zoo_common, layout_loops_cross
D:2:      minmay_general_purpose_star, layout_basic, basic_altar, serial_glass,
          glass_columns_a, glass_columns_b, uniq_robin
D:3:      layout_loops_ring, kennysheep_okawaru_gauntlet
D:4:      layout_basic, fedhas_ov_isle_minmay, minitemple, serial_shops,
          nicolae_shop_dealshenge, nicolae_shop_just_a_little_nook, shop
D:5:      layout_basic
D:6:      layout_gridville, grunt_temple_overflow_champion_of_chaos,
          general_overflow_altar, nicolae_ru_sacrificial_ziggurat,
          minmay_fractal_squares_5

Skill      XL: |  1  2  3  4  5  6  7  8 |
---------------+-------------------------+-----
Fighting       | 1 |  1.2
Dodging        | 2 3 4 |  4.5
Armour         | 1 2 3 |  3.7
Maces & Flails | 1 2 |  2.4
Shapeshifting  | 4 5 6 |  6.1
Axes           | 1 2 |  2.3
Spellcasting   | 1 |  1.4
Unarmed Combat | |  3.2

Action                     |  1- 3 |  4- 6 |  7- 9 || total
---------------------------+-------+-------+-------++-------
  Melee: Unarmed           |   100 |     3 |       ||   103
         Flail             |       |   124 |       ||   124
         Broad axe         |       |       |    80 ||    80
    Use: Scroll            |     1 |     1 |       ||     2
         Potion            |     1 |       |     3 ||     4
   Stab: Sleeping          |       |     2 |       ||     2
 Armour: Animal skin       |    52 |    98 |    76 ||   226
         Skin              |    17 |       |       ||    17
  Dodge: Dodged            |    52 |    66 |    64 ||   182
  Block: Other             |       |    11 |    27 ||    38

Table legend: (Time is in decaauts)
 A = Elapsed time spent in this place.
 B = Non-inter-level travel time spent in this place.
 C = Inter-level travel time spent in this place.
 D = Time resting spent in this place.
 E = Time spent auto-exploring this place.
 F = Levels seen in this place.
 G = Mean time per level.
                   A        B        C        D        E       F      G
               +--------+--------+--------+--------+--------+-----+--------+
         Total |   4332 |   4144 |    188 |     51 |   3138 |   6 |  722.0 |
       Dungeon |   4332 |   4144 |    188 |     51 |   3138 |   6 |  722.0 |
               +--------+--------+--------+--------+--------+-----+--------+

Top non-repeatable levels by time:
     D:5: 1273 daAuts
     D:2: 888 daAuts
     D:3: 691 daAuts
     D:1: 650 daAuts
     D:4: 616 daAuts
     D:6: 212 daAuts
